Match 41399449
Unlisted

Match 41399449
End
Kettenkrad Recon Vehicle
Construct Infanterie Kompanie
Grenadier Squad
Grenadier Squad
Grenadier Squad
GrW 34 Mortar Team
MG 42 Machine Gun Team
Construct Luftwaffe Kompanie
MG 42 Machine Gun Team
Support Elements
Marder III M Tank Destroyer
221 Scout Car
Pioneer Squad
Marder III M Tank Destroyer
Construct Panzer Kompanie
Selects Mechanized Battlegroup
Selects Spotting Scopes
Selects Wespe Self-propelled Artillery
Selects Raid Package
Jäger Squad
Wespe Self-propelled Artillery
Marder III M Tank Destroyer
Derlis
ComanderPy
Sugar Scoot
gr8vibezZ
0
0

Comments sign in to comment!

No comments posted yet!